 Dungeon Crawl Stone Soup version 0.28-b1-25-g9875b3fc8c (webtiles) character file.

Game seed: 5406836042052561088

98 cbfl8 the Sneak (level 4, -4/40 HPs)
             Began as a Minotaur Delver on Feb 2, 2022.
             Slain by a sickly merfolk siren (22 damage)
             ... in a sewer.
             The game lasted 00:02:16 (1104 turns).

cbfl8 the Sneak (Minotaur Delver)                   Turns: 1104, Time: 00:02:16

Health: -4/40      AC:  3    Str: 18    XL:     4   Next: 44%
Magic:  3/3        EV: 12    Int:  7    God:
Gold:   43         SH:  0    Dex: 18    Spells: 3/3 levels left

rFire   . . .      SeeInvis .   h - +2 rapier (venom)
rCold   . . .      Faith    .   (no shield)
rNeg    . . .      Spirit   .   b - +0 leather armour
rPois   .          Reflect  .   (helmet restricted)
rElec   .          Harm     .   (no cloak)
rCorr   .          Rampage  .   (no gloves)
Will    .....                   (no boots)
Stlth   +++.......              (no amulet)
HPRegen 0.13/turn               j - +6 ring of dexterity
MPRegen 0.08/turn               (no ring)

@: no status effects
A: horns 2, retaliatory headbutt
a: no special abilities


You were in a sewer.
You visited 1 branch of the dungeon, and saw 3 of its levels.
You also visited: Sewer.

You collected 43 gold pieces.

Inventory:

Hand Weapons
 a - a +0 hand axe
 h - a +2 rapier of venom (weapon)
Armour
 b - a +0 leather armour (worn)
Jewellery
 j - a +6 ring of dexterity (left hand)
Wands
 g - a wand of digging (3)
Scrolls
 c - a scroll of fog
 i - a scroll of enchant weapon {unknown}
Potions
 f - a potion of haste
 k - a potion of heal wounds {unknown}
 l - a potion of degeneration {unknown}


   Skills:
 + Level 4.3 Fighting
 + Level 3.0 Axes
 + Level 0.9 Armour
 + Level 2.3 Dodging
 + Level 5.1 Stealth


You had 3 spell levels left.
You didn't know any spells.
Your spell library contained the following spells:

 Spells                   Type           Power      Damage    Failure   Level
 Sublimation of Blood     Necr           0%         N/A       63%         2
 Wereblood                Tmut           0%         N/A       63%         2
 Summon Hydra             Summ           0%         N/A       100%        7


Dungeon Overview and Level Annotations

Branches:
Dungeon (5/15)              Sewer (1/1)
 Temple: D:4-7

Altars:
Wu Jian

Annotations:
D:4 1 runed translucent door


Innate Abilities, Weirdness & Mutations

You have a pair of horns on your head.
You reflexively headbutt those who attack you in melee.


Message History

You kill the rat!
A rat and a ball python come into view.
The helpless rat fails to defend itself.
You puncture the rat!
You kill the rat!
The ball python hisses angrily.
You hear an angry hiss.
A sickly merfolk siren comes into view. It is wielding a +0 spear.
A frilled lizard and a rat come into view.
Found 10 gold pieces.
You see here a rat corpse.
Found 5 gold pieces.
The ball python bites you. The ball python completely misses you.
The ball python closely misses you. x2
The rat bites you but does no damage.
The sickly merfolk siren shouts!
You hit the ball python but do no damage.
The ball python is poisoned.
The ball python bites you. The ball python closely misses you.
The rat bites you but does no damage.
You puncture the ball python!
You kill the ball python!
The rat bites you.
You puncture the frilled lizard!
You kill the frilled lizard!
The sickly merfolk siren chants a haunting song.
You resist with almost no effort. The rat barely misses you.
You closely miss the rat. The rat bites you but does no damage.
The sickly merfolk siren hits you from afar with a +0 spear!!
The rat bites you.
You puncture the rat!
You kill the rat!
The rat misses you. You furiously retaliate!
You headbutt the rat.
You kill the rat!
The sickly merfolk siren chants a haunting song.
You resist with almost no effort.
Your Axes skill increases to level 3!
As you read the scroll of fear, it crumbles to dust.
You assume a fearsome visage.
The sickly merfolk siren resists with some effort.
The sickly merfolk siren hits you from afar with a +0 spear!!
Ouch! That really hurt!
You die...

### ≈...##
≈≈≈...#
#≈≈≈...#######
#≈≈≈≈m†@†....#
#≈≈≈≈≈≈≈≈≈##.#
####≈###≈≈≈#.# ..
###≈≈≈###########
#$$
#≈≈≈≈≈≈≈≈≈≈≈≈≈≈
##
##########≈≈≈≈≈
######## #∩∩≈≈≈≈.
###≈≈≈.#


You could see a sickly merfolk siren.

Vanquished Creatures
  A water moccasin skeleton (D:5)
  A jelly (D:4)
  An adder (D:5)
  A hobgoblin (D:4)
  A ball python (Sewer)
  3 frilled lizards (Sewer)
  A kobold (D:4)
  11 rats (Sewer)
20 creatures vanquished.

Notes
Turn   | Place    | Note
-------+----------+-------------------------------------------
     0 | D:5      | cbfl8 the Minotaur Delver began the quest for the Orb.
     0 | D:5      | Reached XP level 1. HP: 19/19 MP: 0/0
    11 | D:5      | Noticed a scorpion
    39 | D:5      | Reached XP level 2. HP: 19/27 MP: 1/1
   261 | D:5      | Reached XP level 3. HP: 13/33 MP: 2/2
   555 | D:4      | Found an ornate altar of the Wu Jian Council.
   590 | D:4      | Found a runed translucent door.
   590 | D:4      | Noticed a human
   614 | D:4      | Reached skill level 5 in Stealth
   614 | D:4      | Reached XP level 4. HP: 40/40 MP: 3/3
   864 | D:3      | Found a glowing drain.
   873 | Sewer    | Entered a sewer
  1104 | Sewer    | Slain by a sickly merfolk siren

Illustrated notes

Levels and vault maps discovered:
D:3:      layout_basic, old_standard_altar, overflow_temple_1_default,
          cheibrodos_sewer_entry_sluice
D:4:      layout_gridville, dk_yredelemnul_ordeal,
          mainiacjoe_overflow_catch_the_wave
D:5:      layout_rooms, kennysheep_vampire_church,
          minmay_temple_entry_glassed_door, serial_glass, glass_columns_a,
          glass_columns_a
Sewer:    sewer_sea

Skill      XL: |  1  2  3  4 |
---------------+-------------+-----
Fighting       | 4 |  4.3
Stealth        | 5 |  5.1
Axes           | 3 |  3.0
Armour         | |  0.9
Dodging        | |  2.3

Action                   |  1- 3 |  4- 6 || total
-------------------------+-------+-------++-------
Melee: Hand axe          |    12 |       ||    12
       Headbutt          |     3 |     2 ||     5
       Rapier            |     1 |    19 ||    20
  Use: Scroll            |       |     2 ||     2
 Stab: Sleeping          |     1 |     2 ||     3
Armor: Leather armour    |     3 |     4 ||     7
Dodge: Dodged            |     6 |    15 ||    21
